AoeStats
← GianpaMX

Arabia

510456230Analyzed
3v3 RM · 16h ago on Oct 1, 2026· 39m 25s· 6 players
Game mode
Random Map
Map size
Normal (6 player)
Population
200
Speed
Normal
Resources
Standard
Victory
Conquest
Starting age
Dark Age
Ending age
Imperial Age
RankedLock teamsTeams togetherTeam positionsShared explorationLock speedFull tech treeHidden civsTurbo modeCheats
Victory
Defeat
🇲🇽 Saxons · Mexico
1184
+17
🇲🇽 Hindustanis · Mexico
1174
+17
🇲🇽 Franks · Mexico
1166
+17
🇨🇴 Romans · Colombia
1279
-20
🇨🇴 Varangians · Colombia
1248
-19
🇨🇴 Chinese · Colombia
1070
-12
Hogos
3:30 Loom
10:25 Feudal Age
10:55 Double-Bit Axe
15:14 Town Watch
24:34 Castle Age
25:01 Fletching
24:44 Crossbowman
25:53 Bow Saw
26:25 Bodkin Arrow
30:39 Padded Archer Armor
31:54 Ballistics
34:12 Wheelbarrow
34:37 Thumb Ring
34:48 Horse Collar
GianpaMX
7:15 Loom
9:45 Feudal Age
10:21 Double-Bit Axe
10:55 Horse Collar
17:22 Gold Mining
18:07 Town Watch
19:06 Forging
21:07 Castle Age
19:15 Scale Barding Armor
20:28 Bloodlines
22:40 Iron Casting
22:06 Husbandry
22:44 Bow Saw
22:37 Heavy Plow
24:06 Chain Barding Armor
25:36 Gold Shaft Mining
32:26 Stone Mining
34:24 Wheelbarrow
33:52 Town Patrol
34:38 Stone Shaft Mining
35:32 Light Cavalry
38:13 Hand Cart
goji_1111
2:32 Loom
10:06 Feudal Age
11:00 Double-Bit Axe
17:24 Scale Barding Armor
19:03 Forging
22:20 Castle Age
21:47 Gold Mining
23:18 Bow Saw
24:25 Iron Casting
28:17 Chain Barding Armor
29:00 Husbandry
29:45 Wheelbarrow
29:12 Stone Mining
33:43 Hand Cart
38:43 Imperial Age
36:42 Town Watch
38:44 Cavalier
39:50 Conscription
40:28 Plate Barding Armor
40:53 Blast Furnace
40:32 Gold Shaft Mining
3DIQ | ElChan108
6:43 Loom
9:40 Feudal Age
9:43 Man-at-Arms
10:31 Double-Bit Axe
20:35 Scale Mail Armor
23:24 Horse Collar
23:35 Gold Mining
23:56 Forging
26:58 Castle Age
27:31 Castle Age
30:34 Iron Casting
29:26 Pikeman
30:42 Iron Casting
30:26 Chain Mail Armor
31:04 Squires
3DIQ | AlxSanmiguel
6:19 Loom
9:46 Feudal Age
11:36 Bloodlines
11:49 Double-Bit Axe
15:12 Horse Collar
16:54 Scale Barding Armor
17:39 Gold Mining
21:31 Castle Age
22:12 Forging
22:57 Husbandry
23:20 Chain Barding Armor
23:21 Heavy Plow
24:20 Stone Mining
24:51 Pikeman
27:06 Stone Shaft Mining
26:46 Scale Mail Armor
30:01 Bow Saw
32:22 Wheelbarrow
31:33 Town Watch
3DIQ | Loophy
0:34 Loom
9:49 Feudal Age
11:08 Double-Bit Axe
19:04 Fletching
20:29 Horse Collar
25:07 Castle Age
23:18 Gold Mining
24:51 Padded Archer Armor
25:11 Crossbowman
25:59 Thumb Ring
26:11 Bodkin Arrow
27:14 Bow Saw
27:34 Stone Mining
28:33 Leather Archer Armor
28:53 Heavy Plow
Connection lost

Rejoining the realm…

Still unreachable

The connection could not be restored.

Session expired

The server has moved on; the page needs a fresh start.